 Dungeon Sprint DCSS version 0.22.1-1-ga44c0e56f4 (webtiles) character file.

4087 PikkenKukken the Basher (level 10, 0/129 HPs)
             Began as a Gnoll Berserker on Oct 7, 2018.
             Was a High Priest of Trog.
             Slain by an unseen horror (1 damage)
             ... in the Dungeon (Sprint I: "Red Sonja").
             The game lasted 00:06:17 (1233 turns).

PikkenKukken the Basher (Gnoll Berserker)           Turns: 1233, Time: 00:06:18

Health: 0/129      AC:  9    Str: 27    XL:     10   Next: 26%
Magic:  22/22      EV: 18    Int: 11    God:    Trog [*****.]
Gold:   652        SH:  0    Dex: 14    Spells: 26/26 levels left

rFire    . . .     SeeInvis .   q - +0 short sword (venom)
rCold    . . .     Gourm    .   (no shield)
rNeg     . . .     Faith    .   t - +0 troll leather armour
rPois    .         Spirit   .   (no helmet)
rElec    .         Reflect  .   (no cloak)
rCorr    .         Harm     .   m - +2 pair of gloves
MR       .....     NoTele   +   (no boots)
Stlth    ..........             (no amulet)
HPRegen  0.71/turn              (no ring)
MPRegen  0.18/turn              (no ring)

@: berserking, very quick
A: distributed training, fangs 1, strong nose
a: Berserk, Trog's Hand, Brothers in Arms, Renounce Religion


You were in the Dungeon.
You worshipped Trog.
Trog was extremely pleased with you.
You were not hungry.

You visited 1 branch You collected 862 gold pieces.
You spent 210 gold pieces at shops.

Inventory:

Hand Weapons
 a - a +0 mace
 p - a +0 blowgun
 q - a +0 short sword of venom (weapon)
Missiles
 r - 4 curare-tipped needles
Armour
 b - a +0 animal skin
 k - a +0 leather armour
 m - a +2 pair of gloves (worn)
 t - a +0 troll leather armour (worn)
Wands
 j - a wand of flame (9)
Scrolls
 c - a scroll of summoning
 i - a scroll of blinking
 l - 3 scrolls of identify
 o - a scroll of holy word
Potions
 d - a potion of curing
 e - a potion of heal wounds
 f - a potion of haste
 g - 2 potions of magic
 h - a potion of berserk rage
 n - a potion of might {unknown}
 u - a potion of agility {unknown}
Comestibles
 v - a ration


   Skills:
 + Level 10.7 Fighting
 + Level 8.6 Short Blades
 + Level 8.6 Long Blades
 + Level 8.6 Axes
 + Level 10.7 Maces & Flails
 + Level 8.6 Polearms
 + Level 8.6 Staves
 + Level 8.6 Slings
 + Level 8.6 Bows
 + Level 8.6 Crossbows
 + Level 8.6 Throwing
 + Level 9.7 Armour
 + Level 9.7 Dodging
 + Level 8.6 Stealth
 + Level 8.6 Shields
 + Level 8.6 Unarmed Combat
 + Level 8.6 Spellcasting
 + Level 7.1 Conjurations
 + Level 7.1 Hexes
 + Level 7.1 Charms
 + Level 7.1 Summonings
 + Level 7.1 Necromancy
 + Level 7.1 Translocations
 + Level 7.1 Transmutations
 + Level 7.1 Fire Magic
 + Level 7.1 Ice Magic
 + Level 7.1 Air Magic
 + Level 7.1 Earth Magic
 + Level 7.1 Poison Magic
 + Level 9.3 Invocations
 + Level 8.6 Evocations


You had 26 spell levels left.
You didn't know any spells.
Your spell library was empty.

Dungeon Overview and Level Annotations

Branches:
Dungeon (1/1)

Altars:
Cheibriados
Dithmenos
Elyvilon
Fedhas
Gozag
Hepliaklqana
Kikubaaqudgha
Makhleb
Nemelex Xobeh
Okawaru
Qazlal
Ru
Sif Muna
Trog
Uskayaw
Vehumet
Wu Jian
Xom
Yredelemnul
Zin
The Shining One
Jiyva
Lugonu

Shops:
D ??[


Innate Abilities, Weirdness & Mutations

Your experience applies equally to all skills.
You have very sharp teeth.
Your uncanny sense of smell can sniff out nearby items.


Message History

You are no longer corroded.
Something hits you but does no damage. Something closely misses you.
Something hits you but does no damage. Something hits you but does no damage.
Something hits you but does no damage.
You hear a shout!
You see here a redback corpse.
Something hits you but does no damage. Something hits you.
* * * LOW HITPOINT WARNING * * *
Something hits you.
* * * LOW HITPOINT WARNING * * *
You hear a shout!
Something barely misses you.
A red film seems to cover your vision as you go berserk!
You feel yourself moving faster!
You feel mighty!
You feel a lot more hungry.
Your iron troll is no longer berserk.
Something hits you.
* * * LOW HITPOINT WARNING * * *
Something hits you.
You die...

'..#..'..'..#(..# ∆
#####'#__####...+ss#∆
∆
#...#.####§(#####ss+∆
#..##(#§§≈§.#..# +##
##'#_.)§§≈§.§..#
.'..._#≈§≈§§#§§#
##_(#'##+#####'###
###'#(#.)..###.'.#
###.####'###.###@#
.'...'.....'.∩##{#
##...###########{# ∆∆
##.###.......##T# ∆
∆∆∆ ∆#+#∆#.......§+§#
∆∆∆
∆*$*∆#+..######§#∆∆
∆∆∆ $)?[$#.....n{§#.#
∆∆
#######.J..T.§#'T#∆∆∆
∆∆n(.......≈####∆


You could see a friendly iron troll.

Vanquished Creatures
  Sonja (D)
  A deep troll (D)
  An oklob plant (D)
  2 kobold demonologists (D)
  A slime creature (D)
  2 redbacks (D)
  Sigmund (D)
  A yak (D)
  2 floating eyes (D)
  An ogre (D)
  A jelly (D)
  Ijyb (D)
15 creatures vanquished.

Vanquished Creatures (collateral kills)
  2 centaur warriors (D)
  A hornet (D)
  6 jellies (D)
9 creatures vanquished.

Grand Total: 24 creatures vanquished

Notes
Turn   | Place    | Note
-------+----------+-------------------------------------------
     0 | D        | PikkenKukken the Gnoll Berserker began the quest for the
                  | Orb.
     0 | D        | Reached XP level 1. HP: 23/23 MP: 1/1
     1 | D        | Noticed Ijyb
    10 | D        | Killed Ijyb
    10 | D        | Reached skill level 1 in Short Blades
    10 | D        | Reached skill level 1 in Long Blades
    10 | D        | Reached skill level 1 in Axes
    10 | D        | Reached skill level 1 in Polearms
    10 | D        | Reached skill level 1 in Staves
    10 | D        | Reached skill level 1 in Slings
    10 | D        | Reached skill level 1 in Bows
    10 | D        | Reached skill level 1 in Crossbows
    10 | D        | Reached skill level 1 in Throwing
    10 | D        | Reached skill level 1 in Stealth
    10 | D        | Reached skill level 1 in Shields
    10 | D        | Reached skill level 1 in Unarmed Combat
    10 | D        | Reached skill level 1 in Spellcasting
    10 | D        | Reached skill level 1 in Conjurations
    10 | D        | Reached skill level 1 in Hexes
    10 | D        | Reached skill level 1 in Charms
    10 | D        | Reached skill level 1 in Summonings
    10 | D        | Reached skill level 1 in Necromancy
    10 | D        | Reached skill level 1 in Translocations
    10 | D        | Reached skill level 1 in Transmutations
    10 | D        | Reached skill level 1 in Fire Magic
    10 | D        | Reached skill level 1 in Ice Magic
    10 | D        | Reached skill level 1 in Air Magic
    10 | D        | Reached skill level 1 in Earth Magic
    10 | D        | Reached skill level 1 in Poison Magic
    10 | D        | Reached skill level 1 in Evocations
    10 | D        | Reached XP level 2. HP: 29/29 MP: 1/4
    10 | D        | Reached XP level 3. HP: 35/35 MP: 1/5
   101 | D        | Noticed an ogre
   105 | D        | Killed an ogre
   105 | D        | Reached skill level 5 in Armour
   105 | D        | Reached skill level 5 in Dodging
   105 | D        | Reached XP level 4. HP: 43/43 MP: 5/8
   156 | D        | Noticed Sigmund
   164 | D        | Killed Sigmund
   164 | D        | Reached ** piety under Trog
   164 | D        | Reached XP level 5. HP: 49/49 MP: 8/11
   164 | D        | Reached XP level 6. HP: 56/56 MP: 8/12
   207 | D        | Found an ornate altar of the Wu Jian Council.
   207 | D        | Found a deep blue altar of Sif Muna.
   209 | D        | Found a radiant altar of Vehumet.
   261 | D        | Found Jebou's Magic Scroll Emporium.
   261 | D        | Found an ancient bone altar of Kikubaaqudgha.
   261 | D        | Found a hazy altar of Hepliaklqana.
   261 | D        | Found a hide-covered altar of Uskayaw.
   261 | D        | Found a basalt altar of Yredelemnul.
   261 | D        | Found an opulent altar of Gozag.
   261 | D        | Found a snail-covered altar of Cheibriados.
   261 | D        | Found a sacrificial altar of Ru.
   261 | D        | Found a shadowy altar of Dithmenos.
   261 | D        | Noticed a yak
   265 | D        | Killed a yak
   265 | D        | Reached skill level 5 in Short Blades
   265 | D        | Reached skill level 5 in Long Blades
   265 | D        | Reached skill level 5 in Axes
   265 | D        | Reached skill level 5 in Polearms
   265 | D        | Reached skill level 5 in Staves
   265 | D        | Reached skill level 5 in Slings
   265 | D        | Reached skill level 5 in Bows
   265 | D        | Reached skill level 5 in Crossbows
   265 | D        | Reached skill level 5 in Throwing
   265 | D        | Reached skill level 5 in Stealth
   265 | D        | Reached skill level 5 in Shields
   265 | D        | Reached skill level 5 in Unarmed Combat
   265 | D        | Reached skill level 5 in Spellcasting
   265 | D        | Reached skill level 5 in Invocations
   265 | D        | Reached skill level 5 in Evocations
   265 | D        | Reached XP level 7. HP: 63/63 MP: 12/14
   266 | D        | Found a stormy altar of Qazlal.
   266 | D        | Found a blossoming altar of Fedhas.
   266 | D        | Found a bloodstained altar of Trog.
   266 | D        | Found an iron altar of Okawaru.
   266 | D        | Found a glowing golden altar of the Shining One.
   266 | D        | Found a glowing silver altar of Zin.
   266 | D        | Found a white marble altar of Elyvilon.
   267 | D        | Found a sparkling altar of Nemelex Xobeh.
   322 | D        | Found a burning altar of Makhleb.
   322 | D        | Found a viscous altar of Jiyva.
   322 | D        | Found a shimmering altar of Xom.
   322 | D        | Found a corrupted altar of Lugonu.
   322 | D        | Noticed a slime creature
   332 | D        | Killed a slime creature
   332 | D        | Reached *** piety under Trog
   435 | D        | Noticed a centaur warrior
   436 | D        | Noticed a centaur warrior
   444 | D        | Noticed Sonja
   449 | D        | Killed Sonja
   449 | D        | Received a gift from Trog
   449 | D        | Reached skill level 5 in Conjurations
   449 | D        | Reached skill level 5 in Hexes
   449 | D        | Reached skill level 5 in Charms
   449 | D        | Reached skill level 5 in Summonings
   449 | D        | Reached skill level 5 in Necromancy
   449 | D        | Reached skill level 5 in Translocations
   449 | D        | Reached skill level 5 in Transmutations
   449 | D        | Reached skill level 5 in Fire Magic
   449 | D        | Reached skill level 5 in Ice Magic
   449 | D        | Reached skill level 5 in Air Magic
   449 | D        | Reached skill level 5 in Earth Magic
   449 | D        | Reached skill level 5 in Poison Magic
   449 | D        | Reached XP level 8. HP: 40/71 MP: 15/17
   480 | D        | HP: 3/71 [poisoned by Sonja (curare-tipped needle)]
   808 | D        | Bought a scroll of summoning for 95 gold pieces
   808 | D        | Bought a scroll of identify for 20 gold pieces
   808 | D        | Bought a scroll of holy word for 75 gold pieces
   808 | D        | Bought a scroll of identify for 20 gold pieces
   849 | D        | Noticed a deep troll
   858 | D        | Killed a deep troll
   858 | D        | Reached XP level 9. HP: 77/77 MP: 17/19
   933 | D        | Found Yshrimit's Armour Emporium.
   953 | D        | Found Zeor's Magic Scroll Boutique.
   985 | D        | Noticed a kobold demonologist
   989 | D        | Noticed a kobold demonologist
   997 | D        | Killed a kobold demonologist
   997 | D        | Reached **** piety under Trog
   997 | D        | Received a gift from Trog
  1003 | D        | Killed a kobold demonologist
  1003 | D        | Reached skill level 10 in Fighting
  1003 | D        | Reached skill level 10 in Maces & Flails
  1038 | D        | Noticed a demonic crawler
  1038 | D        | Noticed a demonic crawler
  1038 | D        | Noticed a demonic crawler
  1038 | D        | Noticed a demonic crawler
  1065 | D        | Killed a centaur warrior
  1070 | D        | Killed a centaur warrior
  1084 | D        | Noticed a hornet
  1088 | D        | Killed a hornet
  1101 | D        | Noticed an oklob plant
  1111 | D        | Killed an oklob plant
  1111 | D        | Reached XP level 10. HP: 86/86 MP: 22/22
  1161 | D        | Reached ***** piety under Trog
  1195 | D        | Paralysed by a floating eye for 2 turns
  1203 | D        | Received a gift from Trog
  1207 | D        | Received a gift from Trog
  1224 | D        | HP: 4/86 [something (3)]
  1230 | D        | HP: 4/86 [something (3)]
  1233 | D        | HP: 1/129 [something (4)]
  1233 | D        | Slain by an unseen horror

Skill      XL: |  1  2  3  4  5  6  7  8  9 10 |
---------------+-------------------------------+-----
Short Blades   | 1 3 4 5 6 7 8 |  8.6
Long Blades    | 1 3 4 5 6 7 8 |  8.6
Axes           | 1 3 4 5 6 7 8 |  8.6
Polearms       | 1 3 4 5 6 7 8 |  8.6
Staves         | 1 3 4 5 6 7 8 |  8.6
Slings         | 1 3 4 5 6 7 8 |  8.6
Bows           | 1 3 4 5 6 7 8 |  8.6
Crossbows      | 1 3 4 5 6 7 8 |  8.6
Throwing       | 1 3 4 5 6 7 8 |  8.6
Stealth        | 1 3 4 5 6 7 8 |  8.6
Shields        | 1 3 4 5 6 7 8 |  8.6
Unarmed Combat | 1 3 4 5 6 7 8 |  8.6
Spellcasting   | 1 3 4 5 6 7 8 |  8.6
Conjurations   | 1 2 3 4 5 6 7 |  7.1
Hexes          | 1 2 3 4 5 6 7 |  7.1
Charms         | 1 2 3 4 5 6 7 |  7.1
Summonings     | 1 2 3 4 5 6 7 |  7.1
Necromancy     | 1 2 3 4 5 6 7 |  7.1
Translocations | 1 2 3 4 5 6 7 |  7.1
Transmutations | 1 2 3 4 5 6 7 |  7.1
Fire Magic     | 1 2 3 4 5 6 7 |  7.1
Ice Magic      | 1 2 3 4 5 6 7 |  7.1
Air Magic      | 1 2 3 4 5 6 7 |  7.1
Earth Magic    | 1 2 3 4 5 6 7 |  7.1
Poison Magic   | 1 2 3 4 5 6 7 |  7.1
Invocations    | 2 3 4 5 7 9 |  9.3
Evocations     | 1 3 4 5 6 7 8 |  8.6
Fighting       | 7 8 9 10 | 10.7
Maces & Flails | 7 8 9 10 | 10.7
Armour         | 5 6 7 8 9 |  9.7
Dodging        | 5 6 7 8 9 |  9.7

Action                   |  1- 3 |  4- 6 |  7- 9 | 10-12 || total
-------------------------+-------+-------+-------+-------++-------
Melee: Mace              |    10 |     9 |     7 |       ||    26
       Bite              |       |     2 |     8 |     6 ||    16
       Punch             |       |     1 |     2 |     1 ||     4
       Short sword       |       |       |    27 |    23 ||    50
 Fire: Blowgun           |       |       |     5 |       ||     5
Invok: Berserk           |     2 |     3 |     4 |     1 ||    10
       Brothers in Arms  |       |       |     1 |     1 ||     2
Evoke: Wand              |       |       |     5 |       ||     5
 Stab: Sleeping          |       |       |       |     2 ||     2
  Eat: Chunk             |       |     1 |     3 |       ||     4
       Ration            |       |       |     1 |     1 ||     2
Armor: Leather armour    |       |       |     2 |       ||     2
       Troll leather arm |       |       |     3 |     9 ||    12
Dodge: Dodged            |     3 |     5 |    15 |    16 ||    39
